 Dungeon Crawl Stone Soup version 0.31-a0-473-g61b50ae490 (webtiles) character file.

Game seed: 4735900600204549099

5056 ragingrage the Carver (level 10, -1/82 HPs)
             Began as a Gnoll Chaos Knight on Aug 7, 2023.
             Was a Plaything of Xom.
             Slain by Grum
             ... wielding a -1 glaive
              (13 damage)
             ... on level 8 of the Dungeon.
             The game lasted 00:11:56 (9006 turns).

ragingrage the Carver (Gnoll Chaos Knight)          Turns: 9006, Time: 00:11:57

Health: -1/82      AC: 12    Str: 15    XL:     10   Next: 56%
Magic:  18/18      EV: 13    Int:  5    God:    Xom [.*....]
Gold:   544        SH:  0    Dex: 16    Spells: 20/20 levels left

rFire   . . .        a - +1 hand axe (venom)
rCold   . . .        (no shield)
rNeg    . . .        k - +0 swamp dragon scales
rPois   +            u - +2 helmet
rElec   .            r - +2 cloak
rCorr   +            (no gloves)
SInv    +            (no boots)
Will    .....        (no amulet)
Stlth   ++           (no ring)
HPRegen 0.33/turn    J - ring "Mil Seer" {Fly rCorr Int-3 Slay+5 SInv}
MPRegen 0.16/turn

%: no passive effects
@: flying, unable to read
A: fangs 1, strong nose, distributed training, deformed body, deterioration 1,
dopey 1, poison resistance, strong 1, inability to read after injury 1
a: Renounce Religion


You were on level 8 of the Dungeon.
You worshipped Xom.
You were a plaything of Xom.
You visited 1 branch of the dungeon, and saw 8 of its levels.
You also visited: Sewer and Ossuary.

You collected 544 gold pieces.

Inventory:

Hand Weapons
 a - a +1 hand axe of venom (weapon)
 b - a +0 shortbow
 h - a +0 war axe of flaming
 y - the +1 hammer of Butchery {vamp, Str+3}
   (You found it on level 5 of the Dungeon)

   Str:       It affects your strength (+3).
 F - a +0 vampiric falchion
Missiles
 v - 7 boomerangs
 z - 4 poisoned darts
 G - 4 silver javelins
 L - an atropa-tipped dart
Armour
 k - +0 swamp dragon scales (worn)
 p - a +0 cloak of stealth
 r - a +2 cloak (worn)
 u - a +2 helmet (worn)
Jewellery
 w - a ring of fire
 J - the ring "Mil Seer" (right hand) {Fly rCorr Int-3 Slay+5 SInv}
   (You took it off Maurice on level 8 of the Dungeon)

   [ring of flight]

   Int:       It affects your intelligence (-3).
   Slay:      It affects your accuracy & damage with ranged weapons and melee
   (+5).
   SInv:      It lets you see invisible.
   Fly:       It grants you flight.
   rCorr:     It protects you from acid and corrosion.
Talismans
 K - a serpent talisman
Wands
 H - a wand of iceblast (21)
Scrolls
 e - 4 scrolls of teleportation
 f - a scroll of brand weapon
 g - 2 scrolls of revelation
 j - a scroll of silence {unknown}
 l - a scroll of blinking {unknown}
 m - 2 scrolls of fear
 n - 2 scrolls of enchant weapon {unknown}
 q - a scroll of vulnerability
 s - a scroll of poison {unknown}
 t - a scroll of noise {unknown}
 x - a scroll of fog
 A - a scroll of enchant armour
 D - a scroll of torment {unknown}
Potions
 c - 2 potions of brilliance {unknown}
 d - a potion of curing
 i - a potion of mutation
 o - a potion of attraction
 B - a potion of lignification {unknown}
 E - a potion of ambrosia {unknown}
 I - a potion of heal wounds
 M - a potion of enlightenment {unknown}


   Skills:
 + Level 8.6 Fighting
 + Level 5.5 Short Blades
 + Level 8.6 Long Blades
 + Level 5.5 Axes
 + Level 5.5 Maces & Flails
 + Level 5.5 Polearms
 + Level 5.5 Staves
 + Level 5.5 Ranged Weapons
 + Level 5.5 Throwing
 + Level 7.2 Armour
 + Level 6.1 Dodging
 + Level 5.5 Stealth
 + Level 5.5 Shields
 + Level 5.5 Unarmed Combat
 + Level 5.5 Spellcasting
 + Level 4.5 Conjurations
 + Level 4.5 Hexes
 + Level 4.5 Summonings
 + Level 4.5 Necromancy
 + Level 4.5 Translocations
 + Level 4.5 Transmutations
 + Level 4.5 Fire Magic
 + Level 4.5 Ice Magic
 + Level 4.5 Air Magic
 + Level 4.5 Earth Magic
 + Level 4.5 Poison Magic
 + Level 6.0 Invocations
 + Level 5.5 Evocations
 + Level 4.5 Shapeshifting


You had 20 spell levels left.
You didn't know any spells.
Your spell library contained the following spells:

 Spells                   Type           Power      Damage    Failure   Level
 Inner Flame              Hex/Fire       5%         N/A       26%         3
 Yara's Violent Unravell  Hex/Tmut       2%         3d3       93%         5
 Enfeeble                 Hex            2%         N/A       100%        7


Dungeon Overview and Level Annotations

Branches:
Dungeon (8/15)             Temple (0/1) D:5           Sewer (visited)
Ossuary (visited)
   Lair: D:8-11

Altars:
Ashenzari
Cheibriados
Dithmenos
Fedhas
Gozag
Hepliaklqana
Nemelex Xobeh
Okawaru
Trog
Uskayaw
The Shining One

Shops:
D:3 :

Annotations:
D:3 1 runed translucent door, PyroL's ghost, weakling DsNe
D:8 Grum


Innate Abilities, Weirdness & Mutations

You have very sharp teeth.
Your uncanny sense of smell can sniff out nearby items.
Your experience applies equally to all skills.
Armour fits poorly on your strangely shaped body.
Your body sometimes deteriorates upon taking damage.
You are dopey. (Int -2)
Your system is resistant to poisons. (rPois)
Your muscles are strong. (Str +4, Int/Dex -1)
You occasionally lose the ability to read scrolls when taking damage.


Message History

Grum misses you. The wolf closely misses you.
The wolf bites you but does no damage.
You miss the wolf. You hit the wolf.
The wolf looks as sick as possible!
You barely miss the wolf. The wolf bites you! The wolf misses you.
The wolf barely misses you. Grum misses you. The wolf barely misses you.
The wolf bites you but does no damage. The wolf closely misses you.
You hit the wolf. You bite the wolf. You hit the wolf.
The wolf is poisoned.
You hit the wolf. "Heh heh heh..."
You are confused.
Grum looks rather confused.
The wolf looks rather confused. x3
You kill the wolf!
The wolf closely misses you.
The wolf barely misses itself.
The wolf misses you.
The wolf barely misses itself.
You feel better. The wolf bites you.
Unknown command.
You slash the wolf!
The wolf looks as sick as possible!
You hit the wolf.
The wolf looks as sick as possible!
The wolf completely misses you.
You are too injured to fight recklessly!
You are too injured to fight recklessly!
You are too injured to fight recklessly!
You hit the wolf but do no damage.
The wolf looks as sick as possible!
You punch the wolf! You hit the wolf but do no damage.
The wolf looks as sick as possible!
You kill the wolf! x2
You catch the helpless Grum completely off-guard!
You hit Grum.
Grum is poisoned.
You bite Grum. You hit Grum but do no damage.
Grum seems less confused.
Grum hits you with a -1 glaive!
You feel threatened and lose the ability to read scrolls!
You closely miss Grum. Grum hits you with a -1 glaive!
* * * LOW HITPOINT WARNING * * *
You hit Grum but do no damage.
Grum looks as sick as possible!
Grum hits you with a -1 glaive.
* * * LOW HITPOINT WARNING * * *
You hit Grum.
Grum looks as sick as possible!
Your punch misses Grum. You bite Grum, but do no damage.
Grum barely misses you.
You hit Grum.
Grum looks as sick as possible!
You bite Grum. Grum hits you with a -1 glaive!
You die...

#(..# #......... ....
.........## . #...
..........###.. #...
..........#... #...
.............
##..#####..... #.h.
#....#.##..#######...
#...@g.....#..#.h....
#.....#.............#.
#....####...........#.
##### #............#..
##...........##.
#..#......##..†
#####.##.##..≈.
######..≈≈≈ ##..≈≈≈≈


You could see Grum (extremely poisoned).

Vanquished Creatures
  Maurice (D:8)
  Maggie (D:6)
  A hornet (D:8)
  10 yaks
  A water moccasin (Sewer)
  An orc warrior (D:7)
  3 ice beasts
  A swamp drake (Sewer)
  2 ogres
  3 wolves (D:8)
  A centaur (D:6)
  A phantom (D:7)
  3 bullfrogs
  A scorpion (D:6)
  A killer bee (D:8)
  A howler monkey (D:7)
  6 centaur zombies (Ossuary)
  A quasit (D:7)
  2 hounds
  A jelly (D:5)
  Crazy Yiuf (D:5)
  3 iguanas
  An orc wizard (D:7)
  4 sleepcaps
  A gnoll (D:6)
  6 adders
  A river rat (Sewer)
  A shadow imp (D:5)
  4 white imps
  3 ufetubi
  An adder zombie (Ossuary)
  4 worms
  4 dart slugs (D:1)
  21 orcs
  7 ball pythons
  9 endoplasms
  6 giant cockroaches
  3 gnoll zombies (Ossuary)
  4 goblins
  2 hobgoblins
  6 kobolds
  10 quokkas
  3 bats
  5 frilled lizards
  3 goblin zombies (Ossuary)
  5 hobgoblin zombies
  A kobold skeleton (D:7)
  3 kobold zombies (D:7)
  5 orc zombies
  9 rats
178 creatures vanquished.

Vanquished Creatures (collateral kills)
  A yak (D:7)
  A wraith (Ossuary)
  A centaur (D:7)
  A centaur zombie (Ossuary)
  2 orc priests (D:3)
  A gnoll bouda (D:6)
  3 gnolls (D:6)
  An adder (D:6)
  An adder zombie (Ossuary)
  An orc (D:7)
  A goblin (D:1)
  2 kobold skeletons (D:7)
16 creatures vanquished.

Grand Total: 194 creatures vanquished

Notes
Turn   | Place    | Note
-------+----------+-------------------------------------------
     0 | D:1      | ragingrage the Gnoll Chaos Knight began the quest for the
                  | Orb.
     0 | D:1      | Reached XP level 1. HP: 23/23 MP: 1/1
   129 | D:1      | Reached XP level 2. HP: 29/29 MP: 2/2
   287 | D:1      | XOM: divination: detect creatures
   591 | D:1      | Reached XP level 3. HP: 32/35 MP: 3/3
   781 | D:1      | XOM: god gift: 50 gold pieces
   864 | D:1      | Reached skill level 1 in Invocations
  1142 | D:2      | XOM: cloud trail
  1168 | D:2      | Reached skill level 1 in Short Blades
  1168 | D:2      | Reached skill level 1 in Axes
  1168 | D:2      | Reached skill level 1 in Maces & Flails
  1168 | D:2      | Reached skill level 1 in Polearms
  1168 | D:2      | Reached skill level 1 in Staves
  1168 | D:2      | Reached skill level 1 in Ranged Weapons
  1168 | D:2      | Reached skill level 1 in Throwing
  1168 | D:2      | Reached skill level 1 in Stealth
  1168 | D:2      | Reached skill level 1 in Shields
  1168 | D:2      | Reached skill level 1 in Unarmed Combat
  1168 | D:2      | Reached skill level 1 in Spellcasting
  1168 | D:2      | Reached skill level 1 in Evocations
  1214 | D:2      | Found a faded altar of an unknown god.
  1564 | D:2      | Reached XP level 4. HP: 41/41 MP: 5/5
  1707 | D:3      | XOM: butterfly on damage
  1709 | D:3      | XOM: blink monster(s)
  1715 | D:3      | XOM: noise
  1899 | D:3      | XOM: confuse monster(s)
  1922 | D:3      | XOM: summons 4 friendly demons
  1928 | D:3      | Reached skill level 1 in Conjurations
  1928 | D:3      | Reached skill level 1 in Hexes
  1928 | D:3      | Reached skill level 1 in Summonings
  1928 | D:3      | Reached skill level 1 in Necromancy
  1928 | D:3      | Reached skill level 1 in Translocations
  1928 | D:3      | Reached skill level 1 in Transmutations
  1928 | D:3      | Reached skill level 1 in Fire Magic
  1928 | D:3      | Reached skill level 1 in Ice Magic
  1928 | D:3      | Reached skill level 1 in Air Magic
  1928 | D:3      | Reached skill level 1 in Earth Magic
  1928 | D:3      | Reached skill level 1 in Poison Magic
  1928 | D:3      | Reached skill level 1 in Shapeshifting
  1932 | D:3      | Reached XP level 5. HP: 13/47 MP: 5/7
  1946 | D:3      | XOM: silly message
  2351 | D:3      | Found Yniupas's Book Emporium.
  2732 | D:3      | Found a runed translucent door.
  2737 | D:3      | Noticed PyroL's ghost (weakling DsNe)
  2740 | D:3      | XOM: give mutations
  2740 | D:3      | Gained mutation: You expend magic power (3 MP) to
                  | strengthen your wands. [Xom's mischief]
  2740 | D:3      | Gained mutation: You occasionally lose the ability to read
                  | scrolls when taking damage. [Xom's mischief]
  3047 | D:4      | Noticed an ogre
  3048 | D:4      | XOM: summons friendly crimson imp
  3056 | D:4      | Killed an ogre
  3057 | D:4      | Reached XP level 6. HP: 36/53 MP: 8/8
  3059 | D:4      | XOM: polymorph crimson imp -> cerulean imp
  3077 | D:4      | Reached skill level 5 in Armour
  3078 | D:4      | XOM: silly message
  3188 | D:4      | XOM: silly message
  3270 | D:4      | Found a blossoming altar of Fedhas.
  3272 | D:4      | XOM: noise
  3292 | D:4      | Found a glowing drain.
  3323 | Sewer    | Entered a sewer
  3422 | Sewer    | XOM: chaos upgrade
  3430 | Sewer    | an adder changed into a swamp drake
  3430 | Sewer    | Noticed a swamp drake
  3430 | Sewer    | XOM: polymorph adder -> swamp drake
  3435 | Sewer    | Killed a swamp drake
  3436 | Sewer    | XOM: swap monsters
  3442 | Sewer    | XOM: noise
  3445 | Sewer    | a kobold brigand changed into an acid dragon
  3445 | Sewer    | Noticed an acid dragon
  3445 | Sewer    | XOM: polymorph kobold brigand -> acid dragon
  3447 | Sewer    | XOM: confusion
  3472 | Sewer    | a kobold brigand changed into a water moccasin
  3472 | Sewer    | Noticed a water moccasin
  3472 | Sewer    | XOM: polymorph kobold brigand -> water moccasin
  3477 | Sewer    | Killed a water moccasin
  3478 | Sewer    | Reached XP level 7. HP: 42/60 MP: 10/10
  3512 | Sewer    | XOM: enchant monster (bad)
  3699 | D:4      | XOM: give mutations
  3699 | D:4      | Gained mutation: You are dopey. (Int -2) [Xom's mischief]
  3699 | D:4      | Gained mutation: Armour fits poorly on your strangely
                  | shaped body. [Xom's mischief]
  3699 | D:4      | Lost mutation: You expend magic power (3 MP) to strengthen
                  | your wands. [Xom's mischief]
  4066 | D:5      | Entered Level 5 of the Dungeon
  4087 | D:5      | XOM: fog
  4088 | D:5      | XOM: smoke on damage
  4199 | D:4      | XOM: god gift: ring of fire
  4600 | D:5      | Found a runed translucent door.
  4601 | D:5      | Noticed Crazy Yiuf
  4705 | D:5      | XOM: give mutation
  4705 | D:5      | Gained mutation: Your muscles are strong. (Str +4, Int/Dex
                  | -1) [Xom's grace]
  4863 | D:5      | Found a staircase to the Ecumenical Temple.
  5166 | D:5      | Killed Crazy Yiuf
  5193 | D:5      | Identified the +1 hammer of Butchery {vamp, Str+3}
  5394 | D:6      | XOM: 3-stop teleportation journey
  5414 | D:6      | XOM: noise
  5488 | D:6      | Noticed Maggie
  5502 | D:6      | XOM: noise
  5503 | D:6      | XOM: confuse monster(s)
  5516 | D:6      | XOM: enchant monster (good)
  5523 | D:6      | XOM: enchant monster (good)
  5529 | D:6      | Killed Maggie
  5530 | D:6      | Reached XP level 8. HP: 13/67 MP: 12/12
  5638 | D:6      | Found a sand-covered staircase.
  5648 | Ossuary  | Entered an ossuary
  5732 | Ossuary  | XOM: summons friendly crimson imp
  5764 | Ossuary  | XOM: 6-stop teleportation journey
  5896 | Ossuary  | Noticed a wraith
  5898 | Ossuary  | XOM: noise
  5934 | Ossuary  | XOM: summons 3 friendly demons
  5942 | Ossuary  | Killed a wraith
  6095 | D:6      | XOM: divination: detect items
  6099 | D:6      | Reached XP level 9. HP: 72/73 MP: 14/14
  6187 | D:6      | XOM: noise
  6277 | D:6      | Found a sparkling altar of Nemelex Xobeh.
  6436 | D:6      | Found a bloodstained altar of Trog.
  6440 | D:6      | Found a shadowy altar of Dithmenos.
  6445 | D:6      | Found a broken altar of Ashenzari.
  6540 | D:7      | Found a hide-covered altar of Uskayaw.
  6540 | D:7      | Found an opulent altar of Gozag.
  6540 | D:7      | XOM: 3-stop teleportation journey
  6584 | D:7      | XOM: summons friendly quasit
  6623 | D:7      | Reached skill level 5 in Dodging
  6642 | D:7      | Found a glowing golden altar of the Shining One.
  6677 | D:7      | XOM: silly message
  6686 | D:7      | Found a snail-covered altar of Cheibriados.
  6688 | D:7      | Found a hazy altar of Hepliaklqana.
  6723 | D:7      | XOM: cloud trail
  6865 | D:7      | Found an iron altar of Okawaru.
  7276 | D:7      | XOM: divination: magic mapping
  7340 | D:7      | XOM: cloud trail
  7530 | D:7      | Reached skill level 5 in Invocations
  7534 | D:7      | XOM: enchant monster (good)
  7922 | D:7      | XOM: summons friendly iron imp
  8140 | D:7      | Found an iron altar of Okawaru.
  8230 | D:7      | Found a glowing golden altar of the Shining One.
  8305 | D:7      | XOM: noise
  8314 | D:7      | Reached XP level 10. HP: 72/80 MP: 17/17
  8348 | D:8      | Noticed Maurice
  8387 | D:7      | XOM: swap monsters
  8397 | D:7      | Reached skill level 5 in Short Blades
  8397 | D:7      | Reached skill level 5 in Axes
  8397 | D:7      | Reached skill level 5 in Maces & Flails
  8397 | D:7      | Reached skill level 5 in Polearms
  8397 | D:7      | Reached skill level 5 in Staves
  8397 | D:7      | Reached skill level 5 in Ranged Weapons
  8397 | D:7      | Reached skill level 5 in Throwing
  8397 | D:7      | Reached skill level 5 in Stealth
  8397 | D:7      | Reached skill level 5 in Shields
  8397 | D:7      | Reached skill level 5 in Unarmed Combat
  8397 | D:7      | Reached skill level 5 in Spellcasting
  8397 | D:7      | Reached skill level 5 in Evocations
  8400 | D:7      | XOM: give mutations
  8400 | D:7      | Gained mutation: Your body sometimes deteriorates upon
                  | taking damage. [Xom's mischief]
  8400 | D:7      | Gained mutation: Your system is resistant to poisons.
                  | (rPois) [Xom's mischief]
  8450 | D:7      | XOM: draining
  8454 | D:7      | XOM: divination: detect items
  8791 | D:8      | Identified the ring "Mil Seer" {Fly rCorr Int-3 Slay+5
                  | SInv}
  8802 | D:8      | XOM: potion effect (berserk rage)
  8809 | D:8      | Killed Maurice
  8972 | D:8      | Noticed Grum
  8979 | D:8      | XOM: smoke on damage
  8997 | D:8      | XOM: confusion (+ monsters)
  9006 | D:8      | Slain by Grum

Illustrated notes

Levels and vault maps discovered:
D:1:      minmay_arrival_four_loops, layout_loops_corners
D:2:      layout_rooms, ebering_ecumenical_altar_hall
D:3:      layout_loops_corners, ebering_ghost_sewer_d, serial_shops,
          nicolae_book_shop_shelving
D:4:      layout_loops_corners, fedhas_altar_2, portal_sewer_entry_f,
          mrwooster_statue_mirror
D:5:      layout_rooms, lemuel_temple_firewalk_a, uniq_crazy_yiuf_cottage
D:6:      layout_basic, nemelex_spade_bored_becter,
          grunt_temple_overflow_diamond, nicolae_ossuary_entry_plus, uniq_maggie
D:7:      layout_basic, nicolae_overflow_macrodata_refinement,
          nicolae_tso_besieged_by_evil, mainiacjoe_overflow_boulevard,
          chequers_decorated_corner
D:8:      layout_cave_pools, nicolae_overflow_hidden_temple,
          nicolae_ru_great_annihilating_truth, amcnicky_mini_pool_medium,
          uniq_grum, uniq_maurice

Skill      XL: |  1  2  3  4  5  6  7  8  9 10 |
---------------+-------------------------------+-----
Invocations    | 1 2 3 4 5 6 |  6.0
Short Blades   | 1 2 3 4 5 |  5.5
Axes           | 1 2 3 4 5 |  5.5
Maces & Flails | 1 2 3 4 5 |  5.5
Polearms       | 1 2 3 4 5 |  5.5
Staves         | 1 2 3 4 5 |  5.5
Ranged Weapons | 1 2 3 4 5 |  5.5
Throwing       | 1 2 3 4 5 |  5.5
Stealth        | 1 2 3 4 5 |  5.5
Shields        | 1 2 3 4 5 |  5.5
Unarmed Combat | 1 2 3 4 5 |  5.5
Spellcasting   | 1 2 3 4 5 |  5.5
Evocations     | 1 2 3 4 5 |  5.5
Conjurations   | 1 2 3 4 |  4.5
Hexes          | 1 2 3 4 |  4.5
Summonings     | 1 2 3 4 |  4.5
Necromancy     | 1 2 3 4 |  4.5
Translocations | 1 2 3 4 |  4.5
Transmutations | 1 2 3 4 |  4.5
Fire Magic     | 1 2 3 4 |  4.5
Ice Magic      | 1 2 3 4 |  4.5
Air Magic      | 1 2 3 4 |  4.5
Earth Magic    | 1 2 3 4 |  4.5
Poison Magic   | 1 2 3 4 |  4.5
Shapeshifting  | 1 2 3 4 |  4.5
Dodging        | 3 4 5 6 |  6.1
Armour         | 5 6 7 |  7.2
Fighting       | 7 8 |  8.6
Long Blades    | 7 8 |  8.6

Action                     |  1- 3 |  4- 6 |  7- 9 | 10-12 || total
---------------------------+-------+-------+-------+-------++-------
  Melee: Falchion          |   100 |   169 |   430 |       ||   699
         Bite              |     8 |    17 |    81 |    15 ||   121
         Punch             |       |     3 |    24 |     7 ||    34
         Hand axe          |       |       |    58 |   100 ||   158
   Fire: Shortbow          |       |       |    22 |       ||    22
  Throw: Boomerang         |       |    15 |       |       ||    15
         Dart              |       |       |    10 |     5 ||    15
    Use: Potion            |       |     2 |     4 |     2 ||     8
         Scroll            |       |     1 |    15 |       ||    16
   Stab: Sleeping          |     4 |     2 |     4 |     1 ||    11
         Paralysed         |       |       |     9 |       ||     9
         Invisible         |       |       |     6 |       ||     6
         Confused          |       |       |     1 |     3 ||     4
         Distracted        |       |       |     3 |       ||     3
 Armour: Leather armour    |    26 |    56 |    48 |       ||   130
         Swamp dragon scal |       |       |   172 |    34 ||   206
  Dodge: Dodged            |    51 |   105 |   372 |    72 ||   600

Table legend: (Time is in decaauts)
 A = Elapsed time spent in this place.
 B = Non-inter-level travel time spent in this place.
 C = Inter-level travel time spent in this place.
 D = Time resting spent in this place.
 E = Time spent auto-exploring this place.
 F = Levels seen in this place.
 G = Mean time per level.
                   A        B        C        D        E       F      G
               +--------+--------+--------+--------+--------+-----+--------+
         Total |   9034 |   8667 |    367 |   1412 |   4789 |  10 |  903.4 |
       Dungeon |   8440 |   8073 |    367 |   1315 |   4642 |   8 | 1055.0 |
         Sewer |    195 |    195 |      0 |     43 |     37 |   1 |  195.0 |
       Ossuary |    398 |    398 |      0 |     54 |    109 |   1 |  398.0 |
               +--------+--------+--------+--------+--------+-----+--------+

Top non-repeatable levels by time:
     D:7: 2171 daAuts
     D:3: 1187 daAuts
     D:4: 1174 daAuts
     D:5: 1130 daAuts
     D:1: 1105 daAuts
     D:6: 807 daAuts
     D:2: 547 daAuts
 Ossuary: 398 daAuts
     D:8: 316 daAuts
   Sewer: 195 daAuts
